Cogmind - Beta 9.4 @@@ ROGUE MODE // 2020.04.26 @ 11:44:32 Player: Chad Result: Destroyed by 4J-450(z) with Zionite Laser-S Performance ------------- Evolutions (3) 1500 Regions Visited (10) 2000 Robots Destroyed (81) 405 Value Destroyed (2034) 2034 Prototype IDs (11) 220 Alien Tech Used (0) 0 Bonus (2031) 2031 TOTAL SCORE: 8190 Bonus ------- Follower Combat Kills 163 Aligned with FarCom 300 Met Imprinter 300 Was Imprinted 300 Destroyed Z-Imprinter 1000 Friendly Fire -32 Cogmind --------- Core Integrity 0/700 Matter 218/300 Energy 100/100 System Corruption 1% Temperature Cool (9) Movement Rolling (90) Location -7/Deep Caves Parts ------- > --- POWER (2) -------- Zionite Light DM Reactor > --- PROPULSION (2) --- Armored Wheel Zionite Glidesys I > --- UTILITY (5) ------ Experimental Heat Sink Enhanced Optical Array Zionite Weapon Casing > --- WEAPON (4) ------- (None) > --- INVENTORY (4) ---- Trap Reconfigurator Peak State ------------ > --- POWER ------------ Light Nuclear Core Reinforced Deuterium Engine > --- PROPULSION ------- Armored Treads Armored Treads > --- UTILITY ---------- Improved Heat Sink Large Storage Unit Hacking Suite Trap Reconfigurator > --- WEAPON ----------- Arc Projector Improved Grenade Launcher Longsword +1 > --- INVENTORY -------- Armored Treads Armored Treads Medium Treads PSU Rigger Improved Grenade Launcher [Rating: 46] Favorites ----------- Power Makeshift Power Source Engine Makeshift Power Source Power Core Light Nuclear Core Reactor Zionite Light DM Reactor Propulsion Armored Treads Treads Armored Treads Leg Makeshift Leg Wheel Armored Wheel Hover Unit Zionite Glidesys I Flight Unit Flight Unit Utility Hardened Light Armor Plating Device Trap Reconfigurator Storage Large Storage Unit Processor Enhanced Optical Array Hackware Makeshift Hacking Suite Protection Hardened Light Armor Plating Weapon Light Assault Rifle Energy Gun Makeshift Laser Energy Cannon Advanced Beam Cannon Ballistic Gun Light Assault Rifle Launcher Improved Grenade Launcher Slashing Weapon Longsword +1 Build | -11 -10 -10 -10 -9 -8 -7 -7 -7 -7 -7 ------- Run | Scr Mat Min Exi Min Mat Fac Low Low Zio Dee Slots Evolved 6 | . . . . . 4 2 . . . . Power 1 | . . . . . . 1 . . . . Propulsion . | . . . . . . . . . . . Utility 3 | . . . . . 2 1 . . . . Weapon 2 | . . . . . 2 . . . . . Parts Attached 89 | 6 4 21 7 1 13 12 8 3 5 9 Power 13 | 1 . 6 . . 2 3 . . . 1 Engine 8 | 1 . 4 . . 1 2 . . . . Core 4 | . . 2 . . 1 1 . . . . Reactor 1 | . . . . . . . . . . 1 Propulsion 19 | 2 . 5 2 . 3 2 . . . 5 Treads 10 | 2 . . . . 3 2 . . . 3 Leg 4 | . . 2 2 . . . . . . . Wheel 1 | . . . . . . . . . . 1 Hover 1 | . . . . . . . . . . 1 Flight 3 | . . 3 . . . . . . . . Utility 27 | 1 1 3 3 . 4 2 5 3 2 3 Device 14 | . . 1 3 . 2 1 2 3 . 2 Storage 2 | 1 . . . . 1 . . . . . Processor 2 | . . . . . 1 . 1 . . . Hackware 2 | . . . . . . 1 . . 1 . Protection 7 | . 1 2 . . . . 2 . 1 1 Artifact . | . . . . . . . . . . . Weapon 30 | 2 3 7 2 1 4 5 3 . 3 . Energy Gun 4 | . . . . . . 3 . . 1 . Energy Cannon 3 | . . . . . 3 . . . . . Ballistic Gun 11 | 2 3 4 . . . . . . 2 . Ballistic Cannon . | . . . . . . . . . . . Launcher 8 | . . 3 . 1 1 1 2 . . . Special Weapon . | . . . . . . . . . . . Impact Weapon . | . . . . . . . . . . . Slashing Weapon 4 | . . . 2 . . 1 1 . . . Piercing Weapon . | . . . . . . . . . . . Special Melee Weapon . | . . . . . . . . . . . Unidentified Prototypes 9 | . . . 3 . 1 1 . . . 4 Parts Lost 30 | . . 2 . . 3 8 2 3 . 12 Power 2 | . . . . . 1 1 . . . . Propulsion 8 | . . 2 . . . 2 . . . 4 Utility 7 | . . . . . . 1 . 1 . 5 Weapon 13 | . . . . . 2 4 2 2 . 3 Highest Loss Streak 12 | . . 2 . . 3 3 2 3 . 12 Average Slot Usage (%) 82 | . 98 83 89 99 85 79 78 60 69 67 Engine 7 | . 14 6 14 14 7 4 7 3 . . Core 1 | . . 5 . . 1 6 . . . . Treads 12 | . 28 5 . . 13 14 15 15 15 13 Leg 7 | . . 14 28 28 4 . . . . . Device 13 | . . 6 14 14 15 19 10 17 22 13 Storage 4 | . 14 2 . . 6 7 7 3 . . Processor 3 | . . . . . 5 5 4 7 7 7 Hackware 1 | . . . . . . 1 2 . 5 5 Protection 7 | . 13 9 14 14 4 . 10 5 . 6 Energy Gun 2 | . . . . . . 7 . . 5 5 Energy Cannon 2 | . . . . . 16 1 . . . . Ballistic Gun 9 | . 28 22 10 . . . . . 11 11 Launcher 4 | . . 1 . 13 5 6 15 7 . . Slashing Weapon 2 | . . . 7 14 4 . 1 . . . Naked Turns 27 | . . 27 . . . . . . . . Heaviest Build 56 | 12 17 17 13 17 44 52 56 52 10 13 Greatest Support 48 | 40 40 40 40 40 40 40 40 40 3 48 Greatest Overweight (x) 4 | 1 . 2 . . 1 2 1 1 3 4 Average Overweight (x) . | . . . . . . . 1 . 1 2 Largest Inventory Capacity 10 | 6 6 6 4 4 10 10 10 10 4 4 Average Capacity 6 | 5 6 4 4 4 8 10 10 7 4 4 Most Carried 10 | 2 6 6 4 4 9 10 9 7 4 4 Average Carried 4 | . 5 3 3 4 5 7 5 5 4 3 Final Capacity 10 | 6 6 4 4 4 10 10 10 4 4 4 Final Carried 8 | . 6 4 4 4 8 5 7 4 4 1 Class Distribution -------------------- 50% | Mutant 24% | Scavenger-Mutant 9% | Derelict-Tank 6% | Messiah-Tank 4% | Skirmisher Dominant Class ---------------- Mutant | -10/Materials Scavenger-Mutant | -10/Mines Mutant | -10/Exiles Mutant | -9/Mines Mutant | -8/Materials Mutant | -7/Factory Scavenger-Mutant | -7/Lower Caves Mutant | -7/Lower Caves Derelict-Tank | -7/Zion Messiah-Tank | -7/Deep Caves Resources | -11 -10 -10 -10 -9 -8 -7 -7 -7 -7 -7 ----------- Run | Scr Mat Min Exi Min Mat Fac Low Low Zio Dee Matter Collected 1431 | 201 279 301 . 91 206 163 141 2 47 . Remotely . | . . . . . . . . . . . Salvage Created 2293 | . 447 263 . 74 627 682 200 . . . Parts 154 | . 46 25 . 9 38 29 7 . . . Haulers Intercepted 3 | . . . . . 2 1 . . . . Recyclers Shooed 1 | . . . . . 1 . . . . . Parts Field Recycled . | . . . . . . . . . . . Retrieved Matter . | . . . . . . . . . . . Parts Self-Destructed 5 | . . . . . . . . 5 . . Prevented 1 | . . . . . . . . 1 . . Kills | -11 -10 -10 -10 -9 -8 -7 -7 -7 -7 -7 ------- Run | Scr Mat Min Exi Min Mat Fac Low Low Zio Dee Combat Hostiles Destroyed 58 | . 13 11 . 4 13 12 5 . . . Melee 5 | . . . . 1 1 1 2 . . . Guns 24 | . 13 7 . . . 4 . . . . Cannons 7 | . . . . . 6 1 . . . . AOE 21 | . . 4 . 3 6 6 2 . . . Classes Destroyed 13 | . 6 . . . 3 3 1 . . . Worker 8 | . 2 1 . . 5 . . . . . Builder 3 | . 2 . . . . 1 . . . . Tunneler 2 | . 1 . . . 1 . . . . . Hauler 3 | . . . . . 2 1 . . . . Recycler 1 | . . . . . . 1 . . . . Watcher 6 | . 3 . . . 1 2 . . . . Swarmer 23 | . 8 8 . 3 4 . . . . . Grunt 22 | . 5 3 . 1 5 8 . . . . Brawler 1 | . . . . . . 1 . . . . Sentry 3 | . . . . . 2 1 . . . . Hunter 2 | . . . . . 2 . . . . . Programmer 2 | . . . . . . 2 . . . . Master Thief 1 | . . . . . . . 1 . . . Thug 1 | . . . . . . . 1 . . . Savage 3 | . . . . . . . 3 . . . Best Kill Streak 6 | . 6 4 . 3 6 4 4 . . . Combat Bots Only 4 | . 4 3 . 3 4 3 4 . . . Max Kills in Single Turn 3 | . 1 2 . 3 3 2 2 . . . Gunslinging 1 | . . 1 . . . 1 . . . . Exploded 3 | . . 2 . 3 3 2 1 . . . Melee 1 | . . . . 1 1 1 1 . . . Uniques/NPCs Destroyed 1 | . . . . . . . . . . 1 Z-Imprinter (-7/Deep Caves) Combat | -11 -10 -10 -10 -9 -8 -7 -7 -7 -7 -7 -------- Run | Scr Mat Min Exi Min Mat Fac Low Low Zio Dee Damage Taken 5622 | . 448 760 . 48 689 932 406 266 . 2073 Core 951 | . 67 169 . . 5 51 . 23 . 636 Absorbed by Shields . | . . . . . . . . . . . Core Remaining (%) 68 | 100 . . . 5 99 . . . . . Volleys Fired 176 | 1 64 19 . 1 36 40 4 2 . 9 Largest 4 | 2 2 2 . 1 4 3 4 2 . 3 Hottest 240 | 40 40 40 . 33 240 156 166 75 . 98 Shots Fired 325 | 2 128 31 . 1 73 58 13 3 . 16 Gun 222 | 2 128 27 . . . 48 1 . . 16 Cannon 70 | . . . . . 66 4 . . . . Launcher 33 | . . 4 . 1 7 6 12 3 . . Special . | . . . . . . . . . . . Kinetic 164 | 2 128 27 . . . . . . . 7 Thermal 111 | . . . . . 66 36 . . . 9 Explosive 22 | . . . . 1 7 6 7 1 . . Electromagnetic 28 | . . 4 . . . 16 6 2 . . Robot Hit Streak 28 | 2 7 6 . 1 8 28 6 . . 3 Robot Miss Streak 7 | . 7 3 . . 4 3 1 1 . 5 Penetration Max . | . . . . . . . . . . . Secondary Targets 3 | . 1 1 . . . 1 . . . . Max Gunslinging Chain 1 | . 1 1 . . . 1 . . . . Shots Hit Robots 200 | 2 58 14 . 2 51 53 10 . . 10 Core Hits 153 | 1 31 16 . 5 34 35 11 3 . 17 Critical Hits 9 | . . . . . 9 . . . . . Critical Kills 5 | . . . . . 5 . . . . . Critical Parts Destroyed 4 | . . . . . 4 . . . . . Melee Attacks 26 | . . . . 1 10 11 4 . . . Impact . | . . . . . . . . . . . Slashing 26 | . . . . 1 10 11 4 . . . Piercing . | . . . . . . . . . . . Sneak Attacks 3 | . . . . . 2 1 . . . . Combat Hostiles . | . . . . . . . . . . . Follow-up Attacks . | . . . . . . . . . . . Damage Inflicted 6647 | 23 577 388 . 222 2375 1816 964 60 . 222 Guns 1512 | 23 577 156 . . . 599 . . . 157 Cannons 922 | . . . . . 840 82 . . . . Explosions 2702 | . . 202 . 175 876 573 816 60 . . Melee 1416 | . . . . 47 659 562 148 . . . Ramming 95 | . . 30 . . . . . . . 65 Kinetic 830 | 23 577 156 . . . . . . . 74 Thermal 1559 | . . 144 . . 840 492 . . . 83 Explosive 2198 | . . . . 175 876 573 574 . . . Electromagnetic 549 | . . 58 . . . 189 242 60 . . Impact . | . . . . . . . . . . . Slashing 1416 | . . . . 47 659 562 148 . . . Piercing . | . . . . . . . . . . . Highest Corruption 8 | . . . . . . 5 8 8 8 1 Average Corruption 5 | . . . . . . 3 7 8 8 1 Corruption Purged . | . . . . . . . . . . . Effects 33 | . . . . . . 8 17 8 . . Message Errors 5 | . . . . . . 2 1 2 . . Matter Fused 7 | . . . . . . 1 6 . . . Heat Flow Errors 4 | . . . . . . 2 1 1 . . Energy Discharges 6 | . . . . . . 1 4 1 . . Data Loss (minor) 3 | . . . . . . . 2 1 . . Data Loss (major) 4 | . . . . . . . 2 2 . . Misfires 1 | . . . . . . . 1 . . . Targeting Errors 2 | . . . . . . 1 . 1 . . Weapon Failures 1 | . . . . . . 1 . . . . Overload Shots . | . . . . . . . . . . . Overflow Damage 165 | . . 16 . . 139 . 10 . . . Projectiles 21 | . . . . . 21 . . . . . Explosions 59 | . . 16 . . 33 . 10 . . . Melee 85 | . . . . . 85 . . . . . Knockbacks . | . . . . . . . . . . . Impact . | . . . . . . . . . . . Kinetic . | . . . . . . . . . . . Secondary . | . . . . . . . . . . . Self-Inflicted Damage 425 | . . 60 . 41 59 29 220 . . 16 Shots 17 | . . 3 . 1 2 1 10 . . . Rammed 39 | . . 8 . . . . . . . 31 Targets Rammed 39 | . . 8 . . . . . . . 31 Kicked . | . . . . . . . . . . . Crushed . | . . . . . . . . . . . Highest Temperature 360 | . 58 10 . 6 360 224 253 223 . 28 Average Temperature 65 | . 20 5 . 4 136 47 108 69 . 19 Received Heat Transfer 1421 | . 126 68 . . 252 273 54 45 . 603 Effects 1 | . . . . . 1 . . . . . Energy Bleed 1 | . . . . . 1 . . . . . Siege Activations . | . . . . . . . . . . . Robots Corrupted 1 | . . . . . . . 1 . . . Combat Hostiles 1 | . . . . . . . 1 . . . Parts Fried 7 | . 4 . . . . 2 1 . . . Impact Corruptions . | . . . . . . . . . . . Robots Melted . | . . . . . . . . . . . Combat Hostiles . | . . . . . . . . . . . Parts Melted 2 | . . . . . 1 1 . . . . Heat Transferred 2785 | . . 150 . . 1517 1073 . . . 45 Parts Sabotaged . | . . . . . . . . . . . Parts Stolen 2 | . . . . . . . 2 . . . Parts Stripped . | . . . . . . . . . . . Power Chain Reactions . | . . . . . . . . . . . Missiles Intercepted . | . . . . . . . . . . . Alert | -11 -10 -10 -10 -9 -8 -7 -7 -7 -7 -7 ------- Run | Scr Mat Min Exi Min Mat Fac Low Low Zio Dee Peak Influence 331 | . 244 331 . 145 329 240 . . . . Average Influence 132 | . 124 169 . 93 146 140 . . . . Maximum Alert Level 1 | . 1 1 . . 1 1 . . . . Low Security (%) 81 | 100 83 58 . 100 77 88 . . . . Level 1 18 | . 16 41 . . 22 11 . . . . Level 2 . | . . . . . . . . . . . Level 3 . | . . . . . . . . . . . Level 4 . | . . . . . . . . . . . Level 5 . | . . . . . . . . . . . High Security . | . . . . . . . . . . . Max Security . | . . . . . . . . . . . Squads Dispatched 10 | . 3 . . . 2 4 . 1 . . Investigation 4 | . 2 . . . 1 1 . . . . Extermination 1 | . . . . . . 1 . . . . Reinforcement 4 | . 1 . . . 1 2 . . . . Assault 1 | . . . . . . . . 1 . . Garrison . | . . . . . . . . . . . Intercept . | . . . . . . . . . . . Construction Impeded 1 | . . . . . 1 . . . . . Haulers Reinforced 2 | . . . . . . 2 . . . . Stealth | -11 -10 -10 -10 -9 -8 -7 -7 -7 -7 -7 --------- Run | Scr Mat Min Exi Min Mat Fac Low Low Zio Dee Distress Signals 6 | . 2 . . . 3 1 . . . . Communications Jammed . | . . . . . . . . . . . Distress Signals . | . . . . . . . . . . . Times Spotted 129 | . 21 33 . 8 29 14 6 12 . 6 Peak Tracking Total 9 | . 4 9 . 4 6 4 4 8 . 3 Tactical Retreats 10 | . . 5 . . 2 . . 3 . . Traps | -11 -10 -10 -10 -9 -8 -7 -7 -7 -7 -7 ------- Run | Scr Mat Min Exi Min Mat Fac Low Low Zio Dee Traps Triggered 5 | . 1 . . . . 2 . 2 . . Indirectly 2 | . . . . . . . . 2 . . Trap Hack Attempts . | . . . . . . . . . . . Triggered . | . . . . . . . . . . . Disarmed . | . . . . . . . . . . . Reprogrammed 2 | . 2 . . . . . . . . . Reused 1 | . 1 . . . . . . . . . Traps Reconfigurated 7 | . . . . . 1 6 . . . . Traps Extracted . | . . . . . . . . . . . Installed . | . . . . . . . . . . . Triggered 2 | . 1 . . . . . . 1 . . Machines | -11 -10 -10 -10 -9 -8 -7 -7 -7 -7 -7 ---------- Run | Scr Mat Min Exi Min Mat Fac Low Low Zio Dee Machines Disabled 6 | . . 4 . . . . . . . 2 Max in Single Turn 1 | . . 1 . . . . . . . . Machines Sabotaged . | . . . . . . . . . . . Garrisons Compromised . | . . . . . . . . . . . Overloaded Fab Kills . | . . . . . . . . . . . Fab Network Shutdowns . | . . . . . . . . . . . Hacking | -11 -10 -10 -10 -9 -8 -7 -7 -7 -7 -7 --------- Run | Scr Mat Min Exi Min Mat Fac Low Low Zio Dee Machines Accessed 10 | . 5 . 1 . 2 1 . . 1 . Terminals 8 | . 5 . . . 2 1 . . . . Fabricators . | . . . . . . . . . . . Repair Stations . | . . . . . . . . . . . Recycling Units . | . . . . . . . . . . . Scanalyzers . | . . . . . . . . . . . Garrison Access . | . . . . . . . . . . . Total Hacks 30 | . 16 . 1 . 7 3 . . 3 . Successful 16 | . 9 . 1 . 3 . . . 3 . Failed 14 | . 7 . . . 4 3 . . . . Catastrophic 1 | . . . . . 1 . . . . . Database Lockouts . | . . . . . . . . . . . Manual 9 | . . . 1 . . 2 . . 6 . Terminals 26 | . 16 . . . 7 3 . . . . Fabricators . | . . . . . . . . . . . Repair Stations . | . . . . . . . . . . . Recycling Units . | . . . . . . . . . . . Scanalyzers . | . . . . . . . . . . . Garrison Access . | . . . . . . . . . . . Terminal Hacks 16 | . 9 . 1 . 3 . . . 3 . Record 2 | . . . 1 . 1 . . . . . Part Schematic 3 | . . . . . . . . . 3 . Prototype ID Bank 1 | . 1 . . . . . . . . . Emergency Access Points 1 | . 1 . . . . . . . . . Terminal Index 1 | . 1 . . . . . . . . . Alert Level 2 | . 1 . . . 1 . . . . . Locate Traps 2 | . 2 . . . . . . . . . Reprogram Traps 1 | . 1 . . . . . . . . . Hauler Manifests 2 | . 2 . . . . . . . . . Zone Layout 1 | . . . . . 1 . . . . . Fabricator Hacks . | . . . . . . . . . . . Repair Station Hacks . | . . . . . . . . . . . Recycling Unit Hacks . | . . . . . . . . . . . Scanalyzer . | . . . . . . . . . . . Garrison Access Hacks . | . . . . . . . . . . . Unauthorized Hacks . | . . . . . . . . . . . Terminals . | . . . . . . . . . . . Fabricators . | . . . . . . . . . . . Repair Stations . | . . . . . . . . . . . Recycling Units . | . . . . . . . . . . . Scanalyzers . | . . . . . . . . . . . Garrison Access . | . . . . . . . . . . . Data Cores Recovered . | . . . . . . . . . . . Used . | . . . . . . . . . . . Hacking Detections 6 | . 4 . . . 1 1 . . . . Full Trace Events 3 | . 1 . . . 1 1 . . . . Feedback Events . | . . . . . . . . . . . Feedback Blocked . | . . . . . . . . . . . Robot Schematics Acquired . | . . . . . . . . . . . Robots Built . | . . . . . . . . . . . Matter . | . . . . . . . . . . . Time . | . . . . . . . . . . . Total Robot Build Rating . | . . . . . . . . . . . Part Schematics Acquired 3 | . . . . . . . . . 3 . Parts Built . | . . . . . . . . . . . Matter . | . . . . . . . . . . . Time . | . . . . . . . . . . . Total Part Build Rating . | . . . . . . . . . . . Parts Repaired . | . . . . . . . . . . . Time . | . . . . . . . . . . . Parts Recycled . | . . . . . . . . . . . Recycled Matter . | . . . . . . . . . . . Retrieved Matter . | . . . . . . . . . . . Retrieved Components . | . . . . . . . . . . . Parts Scanalyzed . | . . . . . . . . . . . Part Schematics Acquired . | . . . . . . . . . . . Parts Damaged . | . . . . . . . . . . . Bothacking | -11 -10 -10 -10 -9 -8 -7 -7 -7 -7 -7 ------------ Run | Scr Mat Min Exi Min Mat Fac Low Low Zio Dee Used RIF Installer . | . . . . . . . . . . . Robots Hacked . | . . . . . . . . . . . Non-combat . | . . . . . . . . . . . Combat . | . . . . . . . . . . . Robot Hacks Applied . | . . . . . . . . . . . Relay Couplers Released . | . . . . . . . . . . . Robots Rewired . | . . . . . . . . . . . Allies Hacked . | . . . . . . . . . . . Hacks Repelled . | . . . . . . . . . . . Allies | -11 -10 -10 -10 -9 -8 -7 -7 -7 -7 -7 -------- Run | Scr Mat Min Exi Min Mat Fac Low Low Zio Dee Total Allies 13 | . . 6 . . . . . . 7 . Largest Group 7 | . . 5 5 3 2 . . . 7 3 Highest-Rated Group 258 | . . 102 102 40 32 . . . 258 91 Highest-Rated Ally 42 | . . 31 31 16 16 . . . 42 42 Total Orders . | . . . . . . . . . . . Ally Attacks 93 | . . 5 . 15 18 . . . . 55 Total Damage 1530 | . . 44 . 179 227 . . . . 1080 Kills 20 | . . 1 . 6 3 . . . . 10 Allies Corrupted . | . . . . . . . . . . . Allies Melted . | . . . . . . . . . . . Intel | -11 -10 -10 -10 -9 -8 -7 -7 -7 -7 -7 ------- Run | Scr Mat Min Exi Min Mat Fac Low Low Zio Dee Robot Analysis Total . | . . . . . . . . . . . Derelict Logs Recovered 6 | . . 1 . 1 . . 1 1 2 . Drone Launches . | . . . . . . . . . . . Drone Recoveries . | . . . . . . . . . . . Exploration | -11 -10 -10 -10 -9 -8 -7 -7 -7 -7 -7 ------------- Run | Scr Mat Min Exi Min Mat Fac Low Low Zio Dee Turns Passed 6311 | 114 712 705 441 616 912 759 530 161 940 421 Spaces Moved 4178 | 67 325 755 323 435 436 332 257 181 890 177 Core 1307 | 8 . 106 . . . . . 141 890 162 Treads 1419 | 59 325 69 . . 325 332 257 40 . 12 Legs 1119 | . . 250 323 435 111 . . . . . Wheels 1 | . . . . . . . . . . 1 Hover 2 | . . . . . . . . . . 2 Flight 330 | . . 330 . . . . . . . . Fastest Speed 37 | 50 160 37 120 140 140 170 190 50 50 60 Average Speed 130 | 149 160 78 130 140 166 178 190 80 104 195 Slowest Speed 250 | 160 160 160 140 140 190 210 190 190 200 250 Overloaded Moves . | . . . . . . . . . . . Propulsion Burnouts . | . . . . . . . . . . . Robots Hopped 1 | . . 1 . . . . . . . . Cave-ins Triggered . | . . . . . . . . . . . Exploration Rate (%) 51 | 4 58 97 61 89 42 11 49 38 92 29 Regions Visited 10 Branch Regions 7 Pre-discovered Areas 2 | . . . 1 . . . . . 1 . Known Exits Taken . | . . . . . . . . . . . Unknown Exits Taken 10 | 1 1 1 1 1 1 1 1 1 1 . Scrap Searched 5 | . . 1 . 1 . . . 2 1 . Spaces Dug 25 | . . . . . . . 25 . . . Terrain Destroyed 212 | . . 15 . 12 62 33 81 9 . . Melee . | . . . . . . . . . . . Projectile . | . . . . . . . . . . . AOE 212 | . . 15 . 12 62 33 81 9 . . Actions | -11 -10 -10 -10 -9 -8 -7 -7 -7 -7 -7 --------- Run | Scr Mat Min Exi Min Mat Fac Low Low Zio Dee Total 4702 | 79 403 849 344 439 556 429 285 193 894 231 Wait 87 | . 1 15 . 2 38 24 3 4 . . Move 4166 | 66 324 752 322 434 435 331 256 180 889 177 Hop 1 | . . 1 . . . . . . . . Pick Up 71 | 6 7 16 7 . 13 9 8 . . 5 Fast Attach 14 | . . 3 . 1 6 . . . 4 . Attach 47 | 6 1 10 1 . 5 9 5 2 . 8 Detach 2 | . . . . . 1 . 1 . . . Swap 28 | . 3 8 6 . 2 3 3 1 1 1 Drop 45 | . 3 17 8 . 10 2 1 4 . . Fire 176 | 1 64 19 . 1 36 40 4 2 . 9 Melee 26 | . . . . 1 10 11 4 . . . Ram 28 | . . 8 . . . . . . . 20 Kick . | . . . . . . . . . . . Crush 11 | . . . . . . . . . . 11 Escape Stasis . | . . . . . . . . . . . Rewire . | . . . . . . . . . . . Trap . | . . . . . . . . . . . Miscellaneous . | . . . . . . . . . . . Route ------- -11/Scrapyard -10/Materials (discovered 3 exits: [*Mat x2] / [*Min]) -10/Mines (discovered 3 exits: [*Mat x2] / *Exi) -10/Exiles -9/Mines -8/Materials -7/Factory -7/Lower Caves -7/Lower Caves -7/Zion (discovered 2 exits: [*Dee] / [*Pro]) -7/Deep Caves History --------- Turn | Location | Event 6 | -11/Scrapyard | Discovered new exit (range 16) 115 | -11/Scrapyard | Entered Materials 304 | -10/Materials | Build established: Mutant 426 | -10/Materials | Discovered new exit (range 5) 729 | -10/Materials | Discovered new exit (range 3) 811 | -10/Materials | Discovered new exit (range 10) 827 | -10/Materials | Entered Mines 889 | -10/Mines | Assembled infested the area 894 | -10/Mines | Assisted by a Guerilla fighting off Assembled 961 | -10/Mines | Discovered new exit (range 10) 993 | -10/Mines | Core integrity fell below 50% 1001 | -10/Mines | Core integrity fell below 20% 1268 | -10/Mines | Escorted by a lone wolf Derelict 1370 | -10/Mines | Discovered new exit (range 7) 1378 | -10/Mines | Build established: Scavenger-Mutant 1514 | -10/Mines | Learned 4 Materials zone layouts 1514 | -10/Mines | Assisted by bots powering up and referring to "LRC-V3" 1518 | -10/Mines | Deemed a non-threat by the Exiles lab entrance 1518 | -10/Mines | Discovered new exit (range 5) 1532 | -10/Mines | Entered Exiles 1532 | -10/Exiles | Accompanied by 5 allies 1562 | -10/Exiles | Led the pair of lost Derelicts to a safe place 1565 | -10/Exiles | Met 8R-AWN 1582 | -10/Exiles | Met EX-HEX 1634 | -10/Exiles | Learned location of Zion (-7) 1654 | -10/Exiles | Met EX-BIN 1670 | -10/Exiles | Aligned with FarCom system 1672 | -10/Exiles | Given EX-Vault access code 1699 | -10/Exiles | Opened EX-Vault 1706 | -10/Exiles | Found Prototype Slashing Weapon 1707 | -10/Exiles | Identified Longsword +1 1715 | -10/Exiles | Found Prototype Device 1716 | -10/Exiles | Identified Trap Reconfigurator 1720 | -10/Exiles | Found Prototype Device 1721 | -10/Exiles | Identified PSU Rigger 1813 | -10/Exiles | Warned to stay clear of 0b10 Research branches 1910 | -10/Exiles | Met EX-DEC 1962 | -10/Exiles | Discovered new exit (range 10) 1973 | -10/Exiles | Stole three prototypes: Trap Reconfigurator, Longsword +1, PSU Rigger 1973 | -10/Exiles | Entered Mines 1973 | -9/Mines | Accompanied by 3 allies 1992 | -9/Mines | Build established: Mutant 2001 | -9/Mines | Received a Rocket Launcher from a helpful Derelict 2557 | -9/Mines | Discovered new exit (range 9) 2574 | -9/Mines | Learned Materials stockpile data 2589 | -9/Mines | Entered Materials 2589 | -8/Materials | Accompanied by 2 allies 2589 | -8/Materials | Evolved 4 slots: Utility x2, Weapon x2 3118 | -8/Materials | Build established: Skirmisher 3150 | -8/Materials | Lost 3 parts (1p2w) 3177 | -8/Materials | Discovered new exit (range 10) 3423 | -8/Materials | Build established: Mutant 3501 | -8/Materials | Entered Factory 3501 | -7/Factory | Evolved 2 slots: Power x1, Utility x1 3503 | -7/Factory | FarCom data flow suspended 4169 | -7/Factory | Discovered new exit (range 14) 4250 | -7/Factory | Lost 3 parts (1p2n) 4260 | -7/Factory | Entered Lower Caves 4268 | -7/Lower Caves | Learned Factory terminal intel 4327 | -7/Lower Caves | Ambushed by wild Derelicts 4430 | -7/Lower Caves | Spotted ZC-Y8K(f) 4431 | -7/Lower Caves | Encountered a Master Thief 4431 | -7/Lower Caves | Spotted KE-632(f) 4432 | -7/Lower Caves | Encountered a Master Thief 4433 | -7/Lower Caves | PSU Rigger stolen by Master Thief 4435 | -7/Lower Caves | Destroyed KE-632(f) 4436 | -7/Lower Caves | Longsword +1 stolen by Master Thief 4652 | -7/Lower Caves | Build established: Scavenger-Mutant 4779 | -7/Lower Caves | Discovered new exit (range 7) 4790 | -7/Lower Caves | Entered another Lower Caves area 4856 | -7/Lower Caves | Attracted the attention of an 0b10 outpost 4892 | -7/Lower Caves | Encountered a Warlord checkpoint 4904 | -7/Lower Caves | Lost 3 parts (1u2w) 4916 | -7/Lower Caves | Learned Factory stockpile data 4935 | -7/Lower Caves | Discovered new exit (range 4) 4951 | -7/Lower Caves | Entered Zion 4978 | -7/Zion | Discovered new exit (range 10) 4990 | -7/Zion | Acquired unknown access codes intercepted by a Zionite 5017 | -7/Zion | System corruption cleaned by Quarantine Array 5037 | -7/Zion | Received a visual enhancement algorithm 5147 | -7/Zion | Learned Factory scanalyzer intel 5291 | -7/Zion | Gained Derelict followers 5390 | -7/Zion | Learned Factory stockpile data 5458 | -7/Zion | Build established: Derelict-Tank 5757 | -7/Zion | Imprinted 5759 | -7/Zion | Declared Zion's savior 5856 | -7/Zion | Opened final containment barrier to the Deep Caves 5880 | -7/Zion | Discovered new exit (range 3) 5880 | -7/Zion | Saw the warning signs outside the Deep Caves entrance 5891 | -7/Zion | Entered Deep Caves 5891 | -7/Deep Caves | Accompanied by 7 allies 6043 | -7/Deep Caves | Build established: Messiah-Tank 6201 | -7/Deep Caves | Attacked by Z-Imprinter 6229 | -7/Deep Caves | Z-Facility disabled 6237 | -7/Deep Caves | Core integrity fell below 50% 6241 | -7/Deep Caves | Allies destroyed Z-Imprinter 6275 | -7/Deep Caves | Core integrity fell below 20% 6279 | -7/Deep Caves | Found Prototype Protection 6280 | -7/Deep Caves | Identified Zio. Weapon Casing 6312 | -7/Deep Caves | Destroyed by 4J-450(z) with Zionite Laser-S Last Messages --------------- 06267_ Slammed into 4J-450(z). 06276_ Lgt. Treads destroyed. 06279_ Acquired Prototype Protection. 06280_ Identified Zio. Weapon Casing. 06286_ Acquired Prototype Hover Unit. 06287_ Identified Zio. Glidesys I. 06289_ Acquired Arm. Wheel. 06291_ Slammed into 4J-450(z). 06291_ Destabilizing: System interference. 06291_ Enh. Optical Array temporarily disabled. 06291_ PSU Rigger temporarily disabled. 06293_ Slammed into 4J-450(z). 06293_ Destabilizing: System interference. 06293_ Exp. Heat Sink temporarily disabled. 06294_ Slammed into 4J-450(z). 06296_ PSU Rigger destroyed. 06296_ Slammed into 4J-450(z). 06305_ Destabilizing: System corrupted (+1). 06306_ Slammed into 4J-450(z). [Achievement: Tester] Map ----- +----------------------------------------------------+ | ?????????????????????????????????????????????????? | | ?????????????????????????????????????????????????? | | ?????????????????????????????????????????????###?? | | ?????????????????##?????????????????????????## #?? | | ?????????? ##?### ???????######????????????# ### | | ?????????? ## # ????### ##??????????## | | ?????????? ##### #??????????# ### | | ????????? #??????????# ### | | ????????? #??????????# | | ???????? #???????????# ## | | ???????? #???????????# ## | | ???????? ##??????????## ### | | ???????? ##############??# | | ???????" ##### | | ???????" | | ??????? ######## | | ???????" ####### #??????? | | ???????" ###?????# #?????## | | ??????"" ##???????# ####### | | ??????"" #????????# | | ??????" ###??????######## | | ????? ! %!! ;#?????????????# | | ????? = %! ##?????????????## | | ???? * #???????????????## | | ????? ! ;#????????????????# | | ????"" *%! @ !% ##????????????????? | | ????""""% ! z * #????????????????? | | ????? #????????????????? | | ?????"" ##?????????????#### | | ??????"" ##?????#????????# | | ?????"""" ##?????# ??????# " | | ?????"""" =% ##???## ????# "" | | ????""""" #???# #### % | | " """"" #???# % | | " """ ##???# | | " #????# | | ???"""""%* ##???## " | | """""" #????# ###### | | ##???# ????????? | | #???#???????????? | | ##??????????????? | | #??????????????? | | #??????????????? | | #??????????????? | | ##### #??????????????? | | ##?????### #### #??????????????? | | ??????????######??## ##??????????????? | | ###????????????????????## ###???????????????? | | ##???????????????????????????###?????????????????? | | ?????????????????????????????????????????????????? | +----------------------------------------------------+ Best States ------------- Heat Dissipation 62 Energy Generation 27 Energy Capacity 350 Matter Stores 300 Matter Capacity 300 Sight Range 22 Robot Scan Range 16 Terrain Scan Density 10 Cloak Strength 3 Armor Coverage 150 Propulsion Shielding 66 Weapon Shielding 100 Melee Speed Boost 30 Evasion (%) 62 Recoil Reduction 2 Offensive Hacking 11 Item Schematics ----------------- Flamer | -7/Zion | Free Battle Cannon | -7/Zion | Free Arc Thrower | -7/Zion | Free Robot Schematics ------------------ None Fabricated ------------ Nothing Alien Tech Used ----------------- None Achievements -------------- Tester Challenges ------------ None Game ------ Seed SalvageReinforcedPurifier Manual? 0 Play Time 00:46:38 Cumulative 42.4 hours Start 2020.04.26 @ 11:00:31 End 2020.04.26 @ 11:44:32 Sessions 1 Manual Loads 0 Difficulty Rogue Special Mode None Game No. 33 Rogue 32 Adventurer 0 Explorer 1 Win Type - Total 0 Types 0/0/0/0/0/0/0 Lore% 32 Gallery% 50 Achievement% 34 Wizard Run 0 Options --------- ASCII 0 Keyboard 0 Movement Numpad Keybinds 0 Fullscreen 1 Font 18/Smallcaps Map View 76x50 Tactical HUD 1 Map Filters NONE Filters NONE Steam X RUN: 1f4a6cc8-a624-44e0-b9ec-dca128d87751